 Dungeon Crawl Stone Soup version 0.29.1-2-gbd0b4ee654 (webtiles) character file.

Game seed: 7881341513026153034

2609 Lutefisk the Reanimator (level 9, -1/74 HPs)
             Began as a Vampire Necromancer on Nov 6, 2022.
             Slain by a six-headed hydra (14 damage)
             ... on level 7 of the Dungeon.
             The game lasted 00:30:01 (5398 turns).

Lutefisk the Reanimator (Vampire Necromancer)       Turns: 5398, Time: 00:30:02

Health: -1/74      AC:  3    Str:  7    XL:     9   Next: 34%
Magic:  1/15       EV: 13    Int: 25    God:
Gold:   287        SH:  0    Dex: 17    Spells: 3/16 levels left

rFire   + . .      SeeInvis +   E - +0 rapier
rCold   . . .      Faith    .   (no shield)
rNeg    . . .      Spirit   .   g - +0 leather armour
rPois   .          Reflect  .   r - +0 hat
rElec   .          Harm     .   (no cloak)
rCorr   .          Rampage  .   (no gloves)
Will    .....                   (no boots)
Stlth   +++.......              (no amulet)
HPRegen 0.42/turn               j - +4 ring of slaying
MPRegen 0.14/turn               n - +6 ring of intelligence

@: attractive, animating dead (expiring), healing quickly
A: alive, fangs 3, see invisible, vampiric 2, fire resistance 1, subdued magic 2
a: Exsanguinate


You were on level 7 of the Dungeon.
You visited 1 branch of the dungeon, and saw 7 of its levels.

You collected 287 gold pieces.

Inventory:

Hand Weapons
 c - a +1 sling
 h - a +0 hand axe
 o - a +0 war axe
 E - a +0 rapier (weapon)
Missiles
 e - 9 poisoned darts (quivered)
 f - a curare-tipped dart
 D - 2 boomerangs
Armour
 g - a +0 leather armour (worn)
 p - an orb of mayhem
 r - a +0 hat (worn)
Jewellery
 j - a +4 ring of slaying (left hand)
 n - a +6 ring of intelligence (right hand)
Wands
 w - a wand of quicksilver (12)
 x - a wand of flame (30)
 y - a wand of polymorph (6)
Scrolls
 a - 12 scrolls of identify {unknown}
 i - 2 scrolls of enchant weapon
 k - a scroll of summoning {unknown}
 t - a scroll of blinking {unknown}
 A - a scroll of acquirement {unknown}
 C - a scroll of immolation
Potions
 b - 2 potions of magic
 d - 3 potions of mutation
 l - 2 potions of flight {unknown}
 m - a potion of curing {unknown}
 q - a potion of attraction
 s - 2 potions of heal wounds {unknown}
 u - 2 potions of might {unknown}
 z - a potion of haste {unknown}
 B - a potion of degeneration {unknown}


   Skills:
 - Level 8.0 Fighting
 * Level 2.4 Armour
 - Level 4.0 Dodging
 * Level 5.1 Stealth
 - Level 4.0 Spellcasting
 - Level 8.0 Necromancy
 - Level 2.0 Evocations


You had 3 spell levels left.
You knew the following spells:

 Your Spells              Type           Power      Damage    Failure   Level
a - Necrotise             Necr           100%       1d9       1%          1
b - Vampiric Draining     Necr           28%        2d8       1%          3
c - Animate Dead          Necr           28%        N/A       2%          4
d - Agony                 Necr           28%        N/A       10%         5

Your spell library contained the following spells:

 Spells                   Type           Power      Damage    Failure   Level
 Apportation              Tloc           6%         N/A       9%          1
 Summon Small Mammal      Summ           12%        N/A       9%          1
 Inner Flame              Hex/Fire       3%         N/A       28%         3
 Cause Fear               Hex            1%         N/A       71%         4
 Discord                  Hex            1%         N/A       100%        8


Dungeon Overview and Level Annotations

Branches:
Dungeon (7/15)
 Temple: D:4-7

Altars:
Ashenzari
Hepliaklqana
Ru
Trog
Wu Jian

Shops:
D:3 [   D:6 [

Annotations:
D:2 Robin


Innate Abilities, Weirdness & Mutations

Your natural rate of healing is accelerated.
You have razor-sharp teeth.
You have supernaturally acute eyesight. (SInv)
You are afflicted with vampirism and can become a bat while bloodless.
Your flesh is heat resistant. (rF+)
Your spells are easier to cast, but less powerful.


Message History

Casting: Necrotise (safe; 1% risk of failure)
Confirm with . or Enter, or press ? or * to list all spells.
Aiming: Vampiric Draining (safe; 1% risk of failure)
Press: ? - help, Shift-Dir - straight line, f - bullfrog
Aim: a bullfrog (severely wounded)
You draw life force from the bullfrog.
You feel life coursing into your body. The orc closely misses your orc zombie.
Something hits your orc zombie.
Your orc zombie is destroyed!
The bullfrog hits you!
Casting: Vampiric Draining (safe; 1% risk of failure)
Confirm with . or Enter, or press ? or * to list all spells.
Aiming: Vampiric Draining (safe; 1% risk of failure)
Press: ? - help, Shift-Dir - straight line, f/p - bullfrog
Aim: a bullfrog (almost dead)
You draw life force from the bullfrog.
You feel life coursing into your body. The bullfrog hits you.
The orc warrior hits you with a +0 short sword!
* * * LOW HITPOINT WARNING * * *
The bullfrog hits you.
* * * LOW HITPOINT WARNING * * *
As you read the scroll of teleportation, it crumbles to dust.
You feel strangely unstable.
The orc warrior hits you with a +0 short sword.
* * * LOW HITPOINT WARNING * * *
The bullfrog closely misses you. The bullfrog hits you!
* * * LOW HITPOINT WARNING * * *
Unknown command.
Your reaping aura is weakening.
The bullfrog completely misses you.
Your surroundings suddenly seem different.
Okay, then.
The six-headed hydra roars!
Okay, then.
It was a potion of attraction.
You feel attractive to monsters.
The six-headed hydra bites you but does no damage.
The six-headed hydra closely misses you.
The six-headed hydra bites you!
You die...

#### ####..### ##
###.......## .#
#..........# .#
..###D.### .#
##.@## ## ##..##
##..## ##..## #
##..## ## ###...#
.#######....###
..##.....#o...##
.....#######.Fo##


You could see a six-headed hydra and an orc warrior (wandering).

Vanquished Creatures
  6 humans (D:7)
  A water moccasin (D:5)
  2 black bears
  A sky beast (D:6)
  A phantom (D:5)
  Blork the orc (D:5)
  A kobold brigand (D:7)
  A bullfrog (D:6)
  5 scorpions
  2 orc priests
  10 hounds
  A gnoll bouda (D:5)
  A jelly (D:7)
  4 iguanas
  4 orc wizards
  5 gnolls
  7 adders
  2 white imps
  2 ufetubi
  A worm (D:2)
  2 dart slugs
  20 orcs
  4 endoplasms
  A giant cockroach (D:2)
  4 goblins
  5 hobgoblins
  4 quokkas
  7 ball pythons
  8 bats
  5 frilled lizards
  14 kobolds
  2 rats (D:1)
134 creatures vanquished.

Vanquished Creatures (collateral kills)
  3 orcs
  A ball python (D:3)
  A bat (D:1)
  A kobold (D:7)
6 creatures vanquished.

Vanquished Creatures (others)
  A human zombie (D:7)
  2 gnoll zombies (D:5)
  3 kobold zombies (D:7)
  5 orc zombies
11 creatures vanquished.

Grand Total: 151 creatures vanquished

Notes
Turn   | Place    | Note
-------+----------+-------------------------------------------
     0 | D:1      | Lutefisk the Vampire Necromancer began the quest for the
                  | Orb.
     0 | D:1      | Reached XP level 1. HP: 13/13 MP: 3/3
   152 | D:1      | Reached skill level 1 in Fighting
   253 | D:1      | Reached XP level 2. HP: 21/21 MP: 0/5
   426 | D:2      | Gained mutation: You are afflicted with vampirism and can
                  | become a bat while bloodless. [Vampire growth]
   426 | D:2      | Reached XP level 3. HP: 27/28 MP: 4/6
   581 | D:2      | Noticed Robin
   803 | D:3      | Found Ceidelid's Armour Boutique.
   896 | D:3      | Found an ornate altar of the Wu Jian Council.
  1066 | D:4      | Reached XP level 4. HP: 35/35 MP: 4/7
  1138 | D:4      | Noticed a black bear
  1158 | D:4      | Noticed a scorpion
  1214 | D:4      | Learned a level 3 spell: Vampiric Draining
  1236 | D:4      | Reached skill level 5 in Necromancy
  1236 | D:4      | Reached XP level 5. HP: 38/41 MP: 3/8
  1480 | D:4      | Reached skill level 5 in Stealth
  1671 | D:3      | Reached skill level 1 in Armour
  1677 | D:3      | Found a hazy altar of Hepliaklqana.
  1680 | D:3      | Found a broken altar of Ashenzari.
  1744 | D:3      | Reached XP level 6. HP: 36/47 MP: 5/10
  2106 | D:3      | Found a faded altar of an unknown god.
  2106 | D:3      | You fall into a shaft and drop 2 floors!
  2106 | D:5      | Entered Level 5 of the Dungeon
  2107 | D:5      | Noticed a water moccasin
  2718 | D:5      | Reached XP level 7. HP: 55/55 MP: 5/11
  2891 | D:5      | Gained mutation: Your spells are a little easier to cast,
                  | but a little less powerful. [potion of mutation]
  2891 | D:5      | Gained mutation: Your spells are easier to cast, but less
                  | powerful. [potion of mutation]
  2891 | D:5      | Gained mutation: Your flesh is heat resistant. (rF+)
                  | [potion of mutation]
  2897 | D:5      | Found a bloodstained altar of Trog.
  2929 | D:5      | Noticed Blork the orc
  3115 | D:5      | Reached skill level 5 in Fighting
  3120 | D:5      | Learned a level 4 spell: Animate Dead
  3627 | D:5      | Identified the +2 pair of gloves of Bequeathed Mirth
                  | {rPois}
  3801 | D:5      | Killed Blork the orc
  3832 | D:5      | Reached XP level 8. HP: 46/62 MP: 8/14
  4004 | D:6      | Found a sacrificial altar of Ru.
  4320 | D:6      | Reached skill level 1 in Evocations
  4345 | D:6      | Found Leoquet's Armour Emporium.
  4374 | D:6      | Learned a level 5 spell: Agony
  5005 | D:7      | Reached XP level 9. HP: 31/71 MP: 1/15
  5344 | D:7      | Noticed a six-headed hydra
  5398 | D:7      | Slain by a six-headed hydra

Illustrated notes

Levels and vault maps discovered:
D:1:      wheals_arrival_shading, layout_loops_ring, serial_bayou_ford_a
D:2:      layout_basic, hex_tiny, uniq_robin
D:3:      layout_loops_ring, nicolae_overflow_hidden_temple,
          hellmonk_ecumenical_altar_zigzags, serial_shops,
          nicolae_shop_hallway_stairs, supply_closet_lemuel,
          cheibrodos_gnoll_hut, uniq_grinder
D:4:      layout_basic
D:5:      layout_basic, mainiacjoe_overflow_small_starburst,
          minmay_misc_feat_iff, uniq_blork_the_orc
D:6:      layout_loops_cross, nicolae_ru_great_annihilating_truth, serial_shops,
          shop
D:7:      layout_cave_pods, minmay_temple_entry_fiery, minmay_ruffians

Skill      XL: |  1  2  3  4  5  6  7  8  9 |
---------------+----------------------------+-----
Fighting       | 1 2 3 4 5 6 8 |  8.0
Stealth        | 4 5 |  5.1
Necromancy     | 5 6 7 8 |  8.0
Spellcasting   | 3 4 |  4.0
Armour         | 1 2 |  2.4
Dodging        | 3 4 |  4.0
Evocations     | 2 |  2.0

Action                   |  1- 3 |  4- 6 |  7- 9 || total
-------------------------+-------+-------+-------++-------
Melee: Hand axe          |    15 |    10 |     7 ||    32
       Bite              |     3 |       |     1 ||     4
       Rapier            |       |       |     8 ||     8
       Punch             |       |       |     1 ||     1
 Fire: Sling             |    52 |    44 |   126 ||   222
Throw: Dart              |       |     3 |    23 ||    26
 Cast: Necrotise         |    37 |    52 |   124 ||   213
       Vampiric Draining |       |       |    16 ||    16
       Animate Dead      |       |       |     5 ||     5
Evoke: Wand              |       |       |     3 ||     3
  Use: Scroll            |     2 |       |     4 ||     6
       Potion            |       |       |     2 ||     2
 Stab: Sleeping          |       |     1 |       ||     1
Armor: Robe              |    19 |       |       ||    19
       Leather armour    |       |    19 |    35 ||    54
Dodge: Dodged            |    38 |    37 |   108 ||   183
